 Dungeon Crawl Stone Soup version 0.29.0-4-gdea44cf6ec (webtiles) character file.

Game seed: 11808647063858364808

28 qw the Chopper (level 3, 0/21 HPs)
             Began as a Tengu Warper on Aug 28, 2022.
             Slain by an iguana (4 damage)
             ... on level 2 of the Dungeon.
             The game lasted 00:00:08 (1183 turns).

qw the Chopper (Tengu Warper)                       Turns: 1183, Time: 00:00:09

Health: 0/21       AC: 10    Str: 13    XL:     3   Next: 12%
Magic:  7/7        EV:  3    Int: 13    God:
Gold:   56         SH:  0    Dex: 13    Spells: 6/6 levels left

rFire   . . .      SeeInvis .   Y - +1 hand axe
rCold   . . .      Faith    .   (no shield)
rNeg    . . .      Spirit   .   l - +0 plate armour
rPois   .          Reflect  .   (helmet restricted)
rElec   .          Harm     .   (no cloak)
rCorr   .          Rampage  .   (no gloves)
Will    .....                   (boots unavailable)
Stlth   ..........              (no amulet)
HPRegen 0.07/turn               (no ring)
MPRegen 0.10/turn               (no ring)

@: no status effects
A: beak, talons 3
a: no special abilities


You were on level 2 of the Dungeon.
You visited 1 branch of the dungeon, and saw 2 of its levels.

You collected 56 gold pieces.


Innate Abilities, Weirdness & Mutations

You have a beak for a mouth.
You have claws for feet.


   Skills:
 - Level 2.0 Fighting
 + Level 3.9 Axes
 - Level 1.0 Throwing
 - Level 1.1 Armour
 - Level 2.1 Dodging
 - Level 2.0 Spellcasting
 - Level 2.4 Translocations


You had 6 spell levels left.
You didn't know any spells.
Your spell library contained the following spells:

 Spells                   Type           Power      Damage    Failure   Level
 Blink                    Tloc           14%        N/A       100%        2
 Gell's Gravitas          Tloc           7%         N/A       100%        3
 Lesser Beckoning         Tloc           7%         N/A       100%        3
 Teleport Other           Tloc           7%         N/A       100%        3
 Manifold Assault         Tloc           7%         N/A       100%        5

Inventory:

Hand Weapons
 d - a +0 whip
 Y - a +1 hand axe (weapon)
Armour
 l - a +0 plate armour (worn)
Scrolls
 k - 2 scrolls of identify

Dungeon Overview and Level Annotations

Branches:
Dungeon (2/15)

Altars:

Shops:
D:2 [


Message History

You hit the goblin.
The goblin is severely wounded.
The goblin hits you with a +3 dagger.
You hit the goblin.
You kill the goblin!
You start resting.
HP restored.
Things that are here:
a +3 dagger; a +0 sling
Found an escape hatch in the ceiling.
Found 6 stones.
k - 2 scrolls of identify (gained 1)
There is an entrance to Magoyptu's Armour Shop here.
An endoplasm comes into view.
The endoplasm quivers.
You hit the endoplasm but do no damage. You claw the endoplasm.
You kill the endoplasm!
An iguana comes into view.
Found 15 gold pieces and a scroll of enchant weapon.
The iguana hisses angrily.
You hit the iguana. Your kick misses the iguana.
The iguana is lightly wounded.
The iguana bites you.
You barely miss the iguana.
The iguana is lightly wounded.
The iguana bites you.
You hit the iguana.
The iguana is moderately wounded.
The iguana barely misses you.
You barely miss the iguana. Your kick misses the iguana.
The iguana is lightly wounded.
The iguana bites you but does no damage.
You barely miss the iguana.
The iguana is lightly wounded.
The iguana bites you but does no damage.
You hit the iguana but do no damage. Your kick misses the iguana.
Your peck misses the iguana. You punch the iguana, but do no damage.
The iguana is lightly wounded.
The iguana bites you! The iguana bites you.
You die...

###.# ...# #..# #..#
#.)# ###########..#
# #
#.(..........#+#.#
#.#.8.<.\.8.##.....#
#..@...............#
###l#########.<....#
#.. #.#..... #...
#.#..... #.... ..
..... #..... .#.
..... #...... #.##
.##.# #....$.?# .#
.# .. #


You could see an iguana.

Vanquished Creatures
  2 dart slugs (D:1)
  A bat (D:1)
  4 endoplasms
  3 goblins
  2 hobgoblins (D:1)
  A quokka (D:1)
  A ball python (D:1)
  5 kobolds (D:1)
  2 rats (D:1)
21 creatures vanquished.

Notes
Turn   | Place    | Note
-------+----------+-------------------------------------------
     0 | D:1      | qw the Tengu Warper began the quest for the Orb.
     0 | D:1      | Reached XP level 1. HP: 12/12 MP: 4/4
     0 | D:1      | 0 ||| qw: Version: 0.1-a-89-g26bdef1
     0 | D:1      | 0 ||| qw: Game counter: 842
     0 | D:1      | 0 ||| qw: Always use a shield: true
     0 | D:1      | 0 ||| qw: God list: Okawaru
     0 | D:1      | 0 ||| qw: Allow faded altars: false
     0 | D:1      | 0 ||| qw: Do Orc after D:15 true
     0 | D:1      | 0 ||| qw: Do second Lair branch before Depths: true
     0 | D:1      | 0 ||| qw: Lair rune preference: random
     0 | D:1      | 0 ||| qw: Plans: Normal
     0 | D:1      | 0 ||| PLANNING D:1-11
     9 | D:1      | 9 ||| Stepping ~*~*~tactically~*~*~ (stealth).
    52 | D:1      | 52 ||| Stepping ~*~*~tactically~*~*~ (stealth).
    75 | D:1      | 75 ||| DROPPING +0 club.
    79 | D:1      | Reached XP level 2. HP: 17/17 MP: 6/6
   117 | D:1      | Reached skill level 3 in Axes
   327 | D:1      | 327 ||| Stepping ~*~*~tactically~*~*~ (hiding).
   696 | D:1      | Reached XP level 3. HP: 21/21 MP: 7/7
   832 | D:1      | 832 ||| UPGRADING to +0 chain mail.
   842 | D:1      | 842 ||| DROPPING +0 leather armour.
   843 | D:1      | 843 ||| UPGRADING to +0 plate armour.
   853 | D:1      | 853 ||| DROPPING +0 chain mail.
   854 | D:1      | 854 ||| DROPPING +6 ring of intelligence.
   855 | D:1      | 855 ||| READING scroll labelled QOFATU OWKES.
   856 | D:1      | 856 ||| READING scroll labelled TIT KEOWOG SALY.
   857 | D:1      | 857 ||| READING 2 scrolls labelled OTWUERE INOH.
   858 | D:1      | 858 ||| READING scroll labelled BOYREC ECOPNU.
   859 | D:1      | 859 ||| READING 3 scrolls labelled LIM FUHUTO.
   860 | D:1      | 860 ||| READING 2 scrolls labelled ICIKEC UNWYSOA.
   861 | D:1      | 861 ||| READING 3 scrolls labelled DIL ZUOPUMMICEITTE.
   862 | D:1      | 862 ||| READING 2 scrolls of identify.
   862 | D:1      | 862 ||| IDENTIFYING pink potion
   863 | D:1      | 863 ||| DROPPING scroll of blinking.
   864 | D:1      | 864 ||| DROPPING potion of brilliance.
   865 | D:1      | 865 ||| DROPPING scroll of noise.
   866 | D:1      | 866 ||| DROPPING scroll of fog.
   867 | D:1      | 867 ||| DROPPING 2 scrolls of vulnerability.
   868 | D:1      | 868 ||| Stepping randomly (stuck).
   869 | D:1      | 869 ||| Stepping ~*~*~tactically~*~*~ (cloud).
  1112 | D:2      | Found Magoyptu's Armour Shop.
  1183 | D:2      | HP: 4/21 [iguana (10)]
  1183 | D:2      | Slain by an iguana

Levels and vault maps discovered:
D:1:      nicolae_arrival_memento_mori, layout_rooms, minmay_tromino_v4_b
D:2:      layout_basic, serial_shops, shop_statue,
          hellmonk_ecumenical_altar_arch_garden, kennysheep_generic_room_14

Skill      XL: |  1  2 |
---------------+-------+-----
Axes           | 3 |  3.9
Fighting       | |  2.0
Throwing       | |  1.0
Armour         | |  1.1
Dodging        | |  2.1
Spellcasting   | |  2.0
Translocations | |  2.4

Action                   || total
-------------------------++-------
Melee: Hand axe          ||    48
       Kick              ||     6
       Peck              ||     4
       Punch             ||     2
Throw: Boomerang         ||     7
  Use: Scroll            ||     8
Armor: Leather armour    ||     9
       Plate armour      ||     3
Dodge: Dodged            ||    19

Table legend:
 A = Non-vault XP
 B = Vault XP
 C = Vault XP percentage of total XP
 D = Non-vault monster count
 E = Vault monster count
 F = Vault count percentage of total count
                 A         B        C        D         E       F
            +---------+---------+-------+---------+---------+-------
      Total |      39 |       1 |   2.5 |      20 |       1 |   4.8
            +---------+---------+-------+---------+---------+-------
        D:1 |      35 |       1 |   2.8 |      18 |       1 |   5.3
        D:2 |       4 |       0 |   0.0 |       2 |       0 |   0.0
            +---------+---------+-------+---------+---------+-------
